 Dungeon Crawl Stone Soup version 0.21.1-1-g345015f (webtiles) character file.

81 FRamirez the Slasher (level 4, -1/35 HPs)
             Began as a Demonspawn Berserker on Mar 30, 2018.
             Was a Believer of Trog.
             Slain by a hobgoblin (2 damage)
             ... on level 1 of the Dungeon.
             The game lasted 00:09:15 (1137 turns).

FRamirez the Slasher (Demonspawn Berserker)         Turns: 1137, Time: 00:09:16

Health: -1/35      AC:  5    Str: 18    XL:     4   Next: 20%
Magic:  0/4        EV: 11    Int:  8    God:    Trog [**....]
Gold:   25         SH:  0    Dex: 13    Spells: 3/3 levels left

rFire    . . .     SeeInvis .   a - +0 falchion
rCold    . . .     Gourm    .   (no shield)
rNeg     . . .     Faith    .   h - +0 ring mail
rPois    .         Spirit   +   (no helmet)
rElec    .         Reflect  .   (no cloak)
rCorr    .         Harm     .   (no gloves)
MR       .....                  (no boots)
Stlth    +.........             (no amulet)
HPRegen  0.11/turn              (no ring)
MPRegen  0.18/turn              (no ring)

@: berserk cooldown, slowed, very slow
A: magic shield, magic regeneration
a: Berserk, Trog's Hand, Burn Spellbooks, Renounce Religion


You were on level 1 of the Dungeon.
You worshipped Trog.
Trog was pleased with you.
You were near starving.

You visited 1 branch of the dungeon, and saw 2 of its levels.

You collected 25 gold pieces.

Inventory:

Hand Weapons
 a - a +0 falchion (weapon)
Armour
 h - a +0 ring mail (worn)
Scrolls
 b - a scroll of noise {unknown}
 e - 2 scrolls of teleportation {unknown}
 f - a scroll of enchant armour {unknown}
 g - a scroll of fear {unknown}
Potions
 d - a potion of mutation {unknown}
Comestibles
 c - 5 rations


   Skills:
 + Level 3.4 Fighting
 + Level 3.7 Long Blades
 + Level 2.4 Armour
 + Level 2.1 Dodging
 + Level 0.1 Stealth


You had 3 spell levels left.
You didn't know any spells.

Dungeon Overview and Level Annotations

Branches:
Dungeon (2/15)

Altars:


Innate Abilities, Weirdness & Mutations

When hurt, damage is shared between your health and your magic reserves.
You regenerate magic rapidly.


Message History

You kill the gnoll!
Trog accepts your kill.
You are no longer berserk.
You are exhausted.
You feel yourself slow down. The hobgoblin barely misses you.
You feel sick. The hobgoblin closely misses you.
The gnoll hits you from afar with a halberd!
* * * LOW HITPOINT WARNING * * *
There is a stone staircase leading up, spattered with blood here.
You see here an adder corpse.
The hobgoblin hits you but does no damage.
The gnoll barely misses you.
The hobgoblin hits you but does no damage.
You climb upwards.
* * * LOW HITPOINT WARNING * * *
You feel sick.
You are no longer poisoned.
There is a stone staircase leading down here.
You barely miss the hobgoblin. The hobgoblin hits you.
You die...

#........<# #..####..## #
#..####### ###### #########
#.......######....######...#...#
##.......##..............8[..8..
######..##.##....#####....#...#
######..##.####### #.#.###.##
##.......##.###########....#...#
#.......###.#..@g........8...8..
#..###### #.###............#...#
#..###### #.# #...........###.##
#.......###.###............#...#
##.......##..............8...8..
######..#####..................
######..# #...........#...###
##.......# #.............(((.(
#.......## #.#.........##.####


You could see a hobgoblin.

Vanquished Creatures
  An adder (D:2)
  3 gnolls (D:2)
  An ooze (D:1)
  3 dart slugs (D:1)
  2 leopard geckos (D:1)
  4 bats
  A giant cockroach (D:1)
  4 goblins (D:1)
  2 jackals (D:1)
  2 frilled lizards (D:1)
  5 kobolds
  4 rats (D:1)
32 creatures vanquished.

Notes
Turn   | Place    | Note
-------+----------+-------------------------------------------
     0 | D:1      | FRamirez the Demonspawn Berserker began the quest for the Orb.
     0 | D:1      | Reached XP level 1. HP: 18/18 MP: 1/1
   210 | D:1      | Gained mutation: When hurt, damage is shared between your health and your magic reserves. [demonic ancestry]
   210 | D:1      | Reached XP level 2. HP: 24/24 MP: 2/2
   717 | D:1      | Reached XP level 3. HP: 29/29 MP: 3/3
  1007 | D:1      | Reached ** piety under Trog
  1129 | D:2      | Gained mutation: You regenerate magic rapidly. [demonic ancestry]
  1129 | D:2      | Reached XP level 4. HP: 28/35 MP: 4/4
  1136 | D:1      | HP: 1/35 [poisoned by an adder]
  1137 | D:1      | Slain by a hobgoblin

Skill      XL: |  1  2  3 |
---------------+----------+-----
Long Blades    | 3 |  3.7
Armour         | 2 |  2.4
Dodging        | 2 |  2.1
Fighting       | |  3.4
Stealth        | |  0.1

Action                   |  1- 3 |  4- 6 || total
-------------------------+-------+-------++-------
Melee: Falchion          |    82 |     4 ||    86
Invok: Berserk           |     1 |       ||     1
Armor: Animal skin       |     6 |       ||     6
       Ring mail         |    31 |     2 ||    33
Dodge: Dodged            |    79 |     9 ||    88
       Rpst.: Falchion   |    29 |     1 ||    30
